cohdb
Replays
Latest Replays
All Replays
Popular Replays
Top Player Replays
Match Explorer
How It Works
Community
CoH3 Stats
Reddit
Sign in to upload your games and track your stats! →
Sign in with Steam
Match 40420598
Unlisted
Match 40420598
Overview
Messages
Build Orders
End
Construct Infanterie Kompanie
Grenadier Squad
Grenadier Squad
GrW 34 Mortar Team
Grenadier Squad
Construct Panzergrenadier Kompanie
251 Medium Carrier
Selects Mechanized Battlegroup
Selects Mobile Repair Stations
Pak 40 Anti-tank Gun Team
Selects Wespe Self-propelled Artillery
Pak 40 Anti-tank Gun Team
Construct Panzer Kompanie
Stoßtruppen Squad
Stoßtruppen Squad
Selects Raid Package
Pak 40 Anti-tank Gun Team
Sturmpanzer IV Brummbär
Lyco
Kylen
runningDuck
oapr.95
Q7PoloRalph_Trendsetter
Safety First
0
0
Comments
sign in to comment!
No comments posted yet!